 Dungeon Crawl Stone Soup version 0.21.1-1-g345015f (webtiles) character file.

310 goulibeur the Distorting Demonspawn (level 6, -22/48 HPs)
             Began as a Demonspawn Abyssal Knight on July 12, 2018.
             Was a Believer of Lugonu.
             Killed from afar by a gargoyle (24 damage)
             ... with a stone arrow
             ... on level 7 of the Dungeon.
             The game lasted 00:11:15 (3673 turns).

goulibeur the Distorting Demonspawn (DsAK)          Turns: 3673, Time: 00:11:16

Health: -22/48     AC:  6    Str: 12    XL:     6   Next: 17%
Magic:  10/10      EV: 11    Int: 13    God:    Lugonu [**....]
Gold:   191        SH:  0    Dex: 15    Spells: 5/5 levels left

rFire    . . .     SeeInvis .   A - +0 war axe (chop)
rCold    . . .     Gourm    .   (no shield)
rNeg     . . .     Faith    .   m - +0 ring mail
rPois    .         Spirit   .   (helmet restricted)
rElec    .         Reflect  .   (no cloak)
rCorr    .         Harm     .   s - +0 pair of gloves
MR       .....                  (no boots)
Stlth    +.........             (no amulet)
HPRegen  0.16/turn              v - +3 ring of slaying
MPRegen  0.12/turn              (no ring)

@: no status effects
A: horns 2, talons 1
a: Depart the Abyss, Bend Space, Renounce Religion


You were on level 7 of the Dungeon.
You worshipped Lugonu.
Lugonu was pleased with you.
You were hungry.

You visited 1 branch of the dungeon, and saw 6 of its levels.
You visited the Abyss 1 time.

You collected 213 gold pieces.
You spent 22 gold pieces at shops.

Inventory:

Hand Weapons
 a - a +1 short sword
 t - a +0 long sword
 A - a +0 war axe of chopping (weapon)
Armour
 b - a +0 leather armour
 m - a +0 ring mail (worn)
 s - a +0 pair of gloves (worn)
Jewellery
 v - a +3 ring of slaying (left hand)
Wands
 r - a wand of flame (34)
 y - a wand of scattershot (5)
Scrolls
 f - 2 scrolls of blinking {unknown}
 g - 2 scrolls of immolation {unknown}
 i - 2 scrolls of remove curse {unknown}
 k - a scroll of fog {unknown}
 l - a scroll of teleportation {unknown}
 u - 2 scrolls of random uselessness {unknown}
 C - a scroll of amnesia {unknown}
 D - a scroll of magic mapping {unknown}
Potions
 d - a potion of resistance {unknown}
 e - a potion of cancellation
 h - a potion of lignification
 j - 2 potions of flight
 n - 2 potions of degeneration
 o - a potion of magic
 p - a potion of agility
 q - a potion of curing {unknown}
 w - a potion of heal wounds {unknown}
 x - 2 potions of mutation
 z - 2 potions of haste
 B - 2 potions of might {unknown}
Comestibles
 c - 12 rations


   Skills:
 + Level 4.1 Fighting
 - Level 1.7 Short Blades
 + Level 3.0 Armour
 + Level 2.5 Dodging
 * Level 5.7 Invocations


You had 5 spell levels left.
You didn't know any spells.

Dungeon Overview and Level Annotations

Branches:
Dungeon (5/15)
 Temple: D:4-7

Altars:
Ashenzari
Gozag
Kikubaaqudgha
Trog
Uskayaw
Wu Jian
Zin
The Shining One

Shops:
D:4 :}(*=


Innate Abilities, Weirdness & Mutations

You have a pair of horns on your head.
You have sharp toenails.


Message History

The stone arrow misses you.
You hit the gargoyle.
You claw the gargoyle, but do no damage.
You headbutt the gargoyle.
The gargoyle is almost destroyed.
The gargoyle hits you with a mace.
You hit the gargoyle but do no damage.
You headbutt the gargoyle, but do no damage.
The gargoyle is almost destroyed.
The gargoyle hurls a stone arrow at you.
The stone arrow hits you!
You hit the gargoyle but do no damage.
You claw the gargoyle, but do no damage.
The gargoyle is almost destroyed.
The gargoyle hits you with a mace!
* * * LOW HITPOINT WARNING * * *
The gargoyle hurls a stone arrow at you.
The stone arrow hits you!
Ouch! That really hurt!
You die...

######
?...# ....
## #.. .. #
###.#.#....
#..@9....#
#.#.#.##.#
.. ... # ##
.#.## #.#..
# ###


You could see a gargoyle.

Vanquished Creatures
  An ogre (D:4)
  A bullfrog (D:3)
  2 orc priests (D:4)
  2 adders
  An ooze (D:1)
  An adder zombie (D:5)
  A worm (D:2)
  3 dart slugs
  3 leopard geckos
  5 orcs (D:4)
  A ball python (D:4)
  9 bats
  2 giant cockroaches
  2 goblins (D:2)
  5 hobgoblins
  7 jackals (D:1)
  A quokka (D:3)
  6 frilled lizards
  3 kobolds
  7 rats
63 creatures vanquished.

Notes
Turn   | Place    | Note
-------+----------+-------------------------------------------
     0 | Abyss:1  | goulibeur the Demonspawn Abyssal Knight began the quest for the Orb.
     0 | Abyss:1  | Reached XP level 1. HP: 18/18 MP: 2/2
    39 | Abyss:1  | Noticed a storm dragon zombie
    43 | D:1      | Escaped the Abyss
   109 | D:1      | Reached skill level 1 in Dodging
   148 | D:1      | Reached * piety under Lugonu
   153 | D:1      | Gained mutation: You have sharp toenails. [demonic ancestry]
   153 | D:1      | Reached XP level 2. HP: 9/24 MP: 4/4
   351 | D:1      | Reached skill level 3 in Invocations
   595 | D:1      | You fall through a shaft!
   603 | D:2      | Gained mutation: You have a pair of small horns on your head. [demonic ancestry]
   603 | D:2      | Reached XP level 3. HP: 27/29 MP: 5/5
  1180 | D:2      | Found a bloodstained altar of Trog.
  1228 | D:2      | Found a glowing silver altar of Zin.
  1228 | D:2      | Found a glowing golden altar of the Shining One.
  1229 | D:2      | Found an ornate altar of the Wu Jian Council.
  1539 | D:3      | Found an opulent altar of Gozag.
  1663 | D:3      | Found a shattered altar of Ashenzari.
  1873 | D:3      | Noticed a bullfrog
  1882 | D:3      | Killed a bullfrog
  1882 | D:3      | Reached skill level 4 in Invocations
  1882 | D:3      | Gained mutation: You have a pair of horns on your head. [demonic ancestry]
  1882 | D:3      | Reached XP level 4. HP: 16/36 MP: 5/7
  2052 | D:3      | Reached ** piety under Lugonu
  2177 | D:3      | Reached XP level 5. HP: 39/42 MP: 8/8
  2318 | D:4      | Noticed an ogre
  2329 | D:4      | Killed an ogre
  2329 | D:4      | Reached skill level 5 in Invocations
  2539 | D:4      | Reached XP level 6. HP: 29/48 MP: 10/10
  2664 | D:4      | Found Reer Ene's Book Emporium.
  2713 | D:4      | Found Ammefroiq's Gadget Shop.
  2724 | D:4      | Found Zaebrauj's Weapon Boutique.
  3135 | D:4      | Found Dolalos's General Store.
  3185 | D:4      | Bought a scroll of identify for 22 gold pieces
  3240 | D:4      | Found Etamomn's Jewellery Shoppe.
  3384 | D:4      | Found an ancient bone altar of Kikubaaqudgha.
  3598 | D:5      | Entered Level 5 of the Dungeon
  3630 | D:5      | Found a hide-covered altar of Uskayaw.
  3667 | D:5      | You fall through a shaft for 2 floors!
  3667 | D:7      | Noticed a gargoyle
  3673 | D:7      | HP: 2/48 [gargoyle/mace (14)]
  3673 | D:7      | Killed from afar by a gargoyle

Skill      XL: |  1  2  3  4  5  6 |
---------------+-------------------+-----
Dodging        | 1 2 |  2.5
Armour         | 2 3 |  3.0
Invocations    | 3 4 5 |  5.7
Fighting       | 4 |  4.1
Short Blades   | |  1.7

Action                   |  1- 3 |  4- 6 || total
-------------------------+-------+-------++-------
Melee: Short sword       |    87 |       ||    87
       Kick              |    17 |    19 ||    36
       Long sword        |    32 |    44 ||    76
       Headbutt          |     7 |    14 ||    21
       War axe           |       |    13 ||    13
Invok: Depart the Abyss  |     1 |       ||     1
  Use: Scroll            |       |     8 ||     8
  Eat: Chunk             |     3 |     5 ||     8
Armor: Leather armour    |    18 |       ||    18
       Ring mail         |    19 |    14 ||    33
Dodge: Dodged            |    82 |    38 ||   120
       Rpst.: Long sword |     6 |     6 ||    12
